 Dungeon Crawl Stone Soup version 0.20.1-1-g8b1a95d (webtiles) character file.

28947 arttle the Bludgeoner (level 13, -3/118 HPs)
             Began as a Minotaur Berserker on Oct 17, 2017.
             Was a High Priest of Trog.
             Slain by an orc warlord
             ... wielding a +0 long sword of holy wrath
              (15 damage)
             ... on level 1 of the Orcish Mines.
             The game lasted 02:12:25 (17167 turns).

arttle the Bludgeoner (Minotaur Berserker)         Turns: 17167, Time: 02:12:25

Health: -3/118     AC: 19    Str: 23    XL:     13   Next: 12%
Magic:  12/12      EV: 11    Int:  4    God:    Trog [*****.]
Gold:   1070       SH: 10    Dex: 14    Spells: 12/12 levels left

rFire    + . .     SeeInvis .   h - +2 flail (crush)
rCold    + . .     Gourm    .   c - +0 shield
rNeg     + . .     Faith    .   T - +1 plate armour
rPois    .         Spirit   .   (helmet restricted)
rElec    .         Reflect  .   t - scarf {repulsion}
rCorr    .         Harm     .   k - +1 pair of gloves
MR       ++...                  (no boots)
Stlth    ..........             (no amulet)
Regen    1.3/turn               w - ring of positive energy
MPRegen  0.2/turn               (no ring)

@: berserk cooldown, regenerating, slowed, repel missiles, very slow
A: retaliatory headbutt, horns 2, cold resistance 1, fire resistance 1
a: Berserk, Trog's Hand, Brothers in Arms, Burn Spellbooks, Renounce Religion


You were on level 1 of the Orcish Mines.
You worshipped Trog.
Trog was extremely pleased with you.
You were near starving.

You visited 4 branches of the dungeon, and saw 18 of its levels.

You collected 1070 gold pieces.

Inventory:

Hand Weapons
 h - a +2 flail of crushing (weapon)
 D - a +4 flail of freezing
 X - a +0 mace of draining
Armour
 c - a +0 shield (worn)
 e - a +1 ring mail of magic resistance
 k - a +1 pair of gloves (worn)
 t - a scarf of repulsion (worn)
 u - a +0 chain mail of fire resistance
 T - a +1 plate armour (worn)
Jewellery
 w - a ring of positive energy (left hand)
 E - an uncursed amulet of rage
 W - an uncursed ring of ice
 Z - a +4 ring of evasion {unknown}
Wands
 y - a wand of enslavement (24/24)
Scrolls
 f - a scroll of silence
 g - 2 scrolls of identify
 j - 2 scrolls of magic mapping
 l - 2 scrolls of fog
 m - 6 scrolls of remove curse
 q - a scroll of recharging
 r - 2 scrolls of enchant armour
 F - 5 scrolls of teleportation
 H - a scroll of enchant weapon
 I - a scroll of blinking
Potions
 d - a potion of haste
 i - a potion of cancellation
 n - 2 potions of curing
 p - 2 potions of flight
 s - a potion of might
 v - 3 potions of lignification
 N - 2 potions of heal wounds
Miscellaneous
 a - a phantom mirror
Comestibles
 b - a bread ration
 o - 5 chunks of flesh
 R - 6 fruits


   Skills:
 * Level 12.1 Fighting
 - Level 16.0 Maces & Flails
 * Level 12.0 Armour
 * Level 11.2 Dodging
 * Level 4.6 Shields


You had 12 spell levels left.
You didn't know any spells.

Dungeon Overview and Level Annotations

Branches:
Dungeon (12/15)            Temple (1/1) D:7            Lair (3/6) D:9
    Orc (2/2) D:12            Elf (0/3) Orc:2
  Swamp: Lair:2-4    Shoals: Lair:2-4     Snake: Lair:2-4    Spider: Lair:2-4

Altars:
Ashenzari
Cheibriados
Fedhas
Gozag
Kikubaaqudgha
Sif Muna
Trog
Uskayaw
Zin

Shops:
D:8 (   D:10 (


Innate Abilities, Weirdness & Mutations

You reflexively headbutt those who attack you in melee.
You have a pair of horns on your head.
Your flesh is cold resistant. (rC+)
Your flesh is heat resistant. (rF+)


Message History

The orc warrior closely misses you.
The orc warlord roars a battlecry!
The orc wizard casts a spell.
The orc wizard blinks!
The orc warrior hits you from afar with a halberd!
* * * LOW HITPOINT WARNING * * *
You climb upwards.
There is a stone staircase leading down, spattered with blood here.
Things that are here:
a chain mail; a trident You feel better.
The orc warlord hits you but does no damage.
The orc warlord hits you with a long sword of holy wrath!
* * * LOW HITPOINT WARNING * * *
Your skin crawls.
You feel resistant to hostile enchantments.
You are near starving!
The orc warlord hits you with a long sword of holy wrath!!
* * * LOW HITPOINT WARNING * * *
The orc warlord hits you with a long sword of holy wrath!
You die...

#...####.
#####..###.
##..###..#..
###....#......
#.....###....#
###....###......
##.#.....##......
##..)(.#...#..##..
#@#.(#####.[[##.#.
##o.>[###.........
##...)#..........
##...[..##.....#
###.[#####....#
#..# ###### ####


You could see an orc warlord.

Vanquished Creatures
  An orc warlord (Orc:2)
  Snorg (Orc:2)
  A two-headed ogre (Orc:2)
  The ghost of Agrougrou the Cleaver, a novice FoFi of Okawaru (D:8)
  Urug (D:12)
  Sonja (Orc:1)
  An orc high priest (Orc:2)
  The ghost of Agrougrou the Chopper, a novice FoFi of Okawaru (D:6)
  The ghost of bmj180 the Carver, a novice HuBe of Trog (D:5)
  An orc knight (Orc:1)
  3 cyclopes (D:11)
  2 orc sorcerers (Orc:2)
  2 ugly things (D:11)
  2 deep elf magi
  3 elephants (Lair:2)
  3 black mambas (Lair:2)
  Joseph (D:9)
  3 spiny frogs
  A rime drake (Lair:2)
  2 komodo dragons (Lair:2)
  6 trolls
  10 blink frogs
  2 hippogriffs
  A shadow (D:11)
  A spriggan (D:7)
  A vampire (D:11)
  A wyvern (D:10)
  10 yaks (Lair:2)
  2 basilisks
  2 vampire mosquitoes (D:12)
  5 wargs
  Edmund (D:5)
  7 porcupines
  16 orc warriors
  2 phantoms
  3 sky beasts
  3 centaurs
  A black bear (D:9)
  7 ogres
  9 wolves
  4 crocodiles
  2 big kobolds
  13 bullfrogs
  A scorpion (D:10)
  2 wyvern skeletons
  9 killer bees
  3 howler monkeys (D:11)
  3 electric eels
  3 crimson imps
  A bullfrog zombie (D:6)
  A hound (D:10)
  4 jellies
  12 orc wizards
  3 bullfrog skeletons
  13 orc priests
  2 centaur skeletons
  3 iguanas
  Natasha (twice) (D:4)
  6 worker ants
  2 hound zombies
  A howler monkey zombie (D:5)
  8 adders
  5 river rats (D:4)
  2 shadow imps
  A white imp (D:9)
  An ooze (D:2)
  An adder skeleton (D:6)
  4 worms
  A dart slug (D:2)
  3 leopard geckos
  69 orcs
  12 bats
  6 giant cockroaches
  8 goblins
  8 hobgoblins
  2 jackals (D:3)
  20 kobolds
  4 quokkas
  A ball python (D:3)
  7 frilled lizards
  A leopard gecko skeleton (D:4)
  22 rats
398 creatures vanquished.

Vanquished Creatures (others)
  2 plants
2 creatures vanquished.

Grand Total: 400 creatures vanquished

Notes
Turn   | Place    | Note
-------+----------+-------------------------------------------
     0 | D:1      | arttle the Minotaur Berserker began the quest for the Orb.
     0 | D:1      | Reached XP level 1. HP: 19/19 MP: 0/0
    63 | D:1      | Reached skill level 4 in Maces & Flails
   120 | D:1      | Reached XP level 2. HP: 25/26 MP: 1/1
   928 | D:2      | Reached skill level 5 in Maces & Flails
  1019 | D:2      | Reached ** piety under Trog
  1051 | D:2      | Reached XP level 3. HP: 27/31 MP: 2/2
  1928 | D:3      | Found a glowing silver altar of Zin.
  2026 | D:3      | Reached XP level 4. HP: 35/39 MP: 3/3
  2113 | D:3      | Reached skill level 6 in Maces & Flails
  2317 | D:4      | Noticed Natasha
  2323 | D:4      | Killed Natasha
  2456 | D:4      | Reached *** piety under Trog
  2456 | D:4      | Reached skill level 7 in Maces & Flails
  2456 | D:4      | Reached XP level 5. HP: 27/45 MP: 4/4
  2721 | D:4      | Reached skill level 8 in Maces & Flails
  2870 | D:4      | Reached XP level 6. HP: 46/51 MP: 5/5
  3028 | D:4      | Noticed Natasha
  3048 | D:4      | Killed Natasha
  3339 | D:5      | Entered Level 5 of the Dungeon
  3356 | D:5      | Found a shattered altar of Ashenzari.
  3451 | D:5      | Noticed Edmund
  3465 | D:5      | Killed Edmund
  3465 | D:5      | Reached skill level 9 in Maces & Flails
  3488 | D:5      | Found a blossoming altar of Fedhas.
  3643 | D:5      | Noticed bmj180's ghost (novice HuBe)
  3656 | D:5      | Killed bmj180's ghost
  3656 | D:5      | Reached skill level 11 in Maces & Flails
  3656 | D:5      | Reached XP level 7. HP: 57/57 MP: 6/6
  3656 | D:5      | Reached XP level 8. HP: 64/64 MP: 7/7
  4183 | D:5      | Reached skill level 12 in Maces & Flails
  4429 | D:6      | Reached **** piety under Trog
  4681 | D:6      | Reached skill level 13 in Maces & Flails
  4799 | D:6      | Noticed Agrougrou's ghost (novice FoFi)
  4817 | D:6      | Killed Agrougrou's ghost
  4817 | D:6      | Reached skill level 14 in Maces & Flails
  4817 | D:6      | Reached XP level 9. HP: 29/70 MP: 8/8
  5614 | D:7      | Found a bloodstained altar of Trog.
  5778 | D:7      | Found a staircase to the Ecumenical Temple.
  5784 | Temple   | Entered the Ecumenical Temple
  5819 | D:8      | Noticed Agrougrou's ghost (novice FoFi)
  5833 | D:8      | Killed Agrougrou's ghost
  5833 | D:8      | Reached skill level 15 in Maces & Flails
  5928 | D:8      | Found Zekhiopn's Antique Weapon Shop.
  5998 | D:8      | Reached skill level 16 in Maces & Flails
  6008 | D:8      | Got an amber-encrusted ring mail
  6019 | D:8      | Identified the +1 ring mail of Vexation {Str+2} (You found it on level 8 of the Dungeon)
  6396 | D:9      | Reached XP level 10. HP: 41/78 MP: 9/9
  6815 | D:9      | Noticed Joseph
  6824 | D:9      | Killed Joseph
  7243 | D:9      | Found a staircase to the Lair.
  7682 | Lair:1   | Entered Level 1 of the Lair of Beasts
  7822 | Lair:1   | Reached skill level 5 in Fighting
  8384 | Lair:1   | Noticed a spiny frog
  8390 | Lair:1   | Killed a spiny frog
  8390 | Lair:1   | Reached skill level 5 in Armour
  8581 | Lair:1   | Reached skill level 5 in Dodging
  8614 | Lair:1   | Found a snail-covered altar of Cheibriados.
  9615 | Lair:2   | Noticed a spiny frog
  9623 | Lair:2   | Killed a spiny frog
  9627 | Lair:2   | Reached XP level 11. HP: 63/92 MP: 10/10
 10525 | Lair:2   | Reached ***** piety under Trog
 10785 | D:10     | Entered Level 10 of the Dungeon
 10821 | D:10     | Found Obed's Antique Weapon Shop.
 10866 | D:10     | Found a blossoming altar of Fedhas.
 12207 | D:11     | Noticed a cyan ugly thing
 12212 | D:11     | Killed a cyan ugly thing
 12283 | D:11     | Received a gift from Trog
 12291 | D:11     | Reached skill level 10 in Fighting
 12934 | D:11     | Identified a scroll of acquirement
 12947 | D:11     | Noticed a cyan ugly thing
 12954 | D:11     | Killed a cyan ugly thing
 12954 | D:11     | Reached XP level 12. HP: 106/106 MP: 11/11
 13116 | Temple   | Gained mutation: Your flesh is cold resistant. (rC+) [potion of mutation]
 13116 | Temple   | Gained mutation: Your flesh is heat resistant. (rF+) [potion of mutation]
 13464 | Lair:2   | Reached skill level 10 in Armour
 14158 | Lair:3   | Noticed a six-headed hydra
 14389 | D:12     | Noticed Urug
 14406 | D:12     | Killed Urug
 14406 | D:12     | Reached skill level 10 in Dodging
 14923 | D:12     | Found a staircase to the Orcish Mines.
 15492 | Orc:1    | Entered Level 1 of the Orcish Mines
 15526 | Orc:1    | Reached skill level 1 in Shields
 15639 | Orc:2    | Entered Level 2 of the Orcish Mines
 15644 | Orc:2    | Noticed Sonja
 15741 | Orc:2    | Noticed an orc warlord
 16082 | Orc:1    | Killed Sonja
 16437 | Orc:2    | Killed an orc warlord
 16561 | Orc:2    | Received a gift from Trog
 16841 | Orc:2    | Noticed Snorg
 16854 | Orc:2    | Killed Snorg
 16854 | Orc:2    | Reached XP level 13. HP: 117/117 MP: 12/12
 16993 | Orc:2    | Found a staircase to the Elven Halls.
 17086 | Orc:2    | Noticed an orc warlord
 17119 | Orc:2    | Received a gift from Trog
 17167 | Orc:1    | Slain by an orc warlord

Skill      XL: |  1  2  3  4  5  6  7  8  9 10 11 12 13 |
---------------+----------------------------------------+-----
Maces & Flails | 4 5 7 8 11 14 16 | 16.0
Fighting       | 4 7 10 11 12 | 12.1
Armour         | 3 7 9 11 12 | 12.0
Dodging        | 6 9 11 | 11.2
Shields        | 4 |  4.6

Action                   |  1- 3 |  4- 6 |  7- 9 | 10-12 | 13-15 || total
-------------------------+-------+-------+-------+-------+-------++-------
Melee: Mace              |   129 |   136 |       |    35 |       ||   300
       Headbutt          |    14 |    21 |    26 |   135 |    13 ||   209
       Flail             |       |     9 |   184 |   605 |    63 ||   861
Invok: Berserk           |       |     2 |     3 |    15 |     1 ||    21
       Trog's Hand       |       |     1 |     1 |     2 |     1 ||     5
       Burn Spellbooks   |       |       |       |     1 |       ||     1
  Use: Scroll            |     4 |       |     1 |    18 |       ||    23
       Potion            |       |       |       |    14 |     1 ||    15
 Stab: Sleeping          |     2 |       |       |       |       ||     2
  Eat: Chunk             |     3 |     6 |    10 |    33 |     1 ||    53
       Bread ration      |       |       |     1 |     3 |       ||     4
Armor: Animal skin       |    33 |     8 |       |       |       ||    41
       Ring mail         |       |    27 |    11 |    27 |       ||    65
       Chain mail        |       |       |    44 |     4 |       ||    48
       Plate armour      |       |       |       |   192 |    17 ||   209
Dodge: Dodged            |    86 |    68 |    57 |   305 |    16 ||   532
       Deflected         |       |       |     4 |     3 |     1 ||     8
Block: Shield            |       |       |       |    55 |    13 ||    68
